 Dungeon Crawl Stone Soup version 0.26-a0-962-g9b92081034 (webtiles) character file.

Game seed: 13814832129743642143

1289 Ijustatesigmund the Chopper (level 8, -2/63 HPs)
             Began as an Octopode Fighter on Dec 2, 2020.
             Slain by Edmund
             ... wielding a +4 dire flail of protection
              (11 damage)
             ... on level 5 of the Dungeon.
             The game lasted 00:09:53 (5247 turns).

Ijustatesigmund the Chopper (Octopode Fighter)      Turns: 5247, Time: 00:09:53

Health: -2/63      AC:  3    Str: 15    XL:     8   Next: 55%
Magic:  8/8        EV: 12    Int: 10    God:
Gold:   221        SH: 10    Dex: 14    Spells: 7/7 levels left

rFire    . . .     SeeInvis .   a - +1 broad axe
rCold    . . .     Faith    .   b - +1 kite shield
rNeg     . . .     Spirit   .   (helmet restricted)
rPois    .         Reflect  .   (no amulet)
rElec    .         Harm     .   (no ring)
rCorr    .         Rampage  .   (no ring)
MR       +....                  (no ring)
Stlth    ++........             (no ring)
HPRegen  0.20/turn              (no ring)
MPRegen  0.11/turn              (no ring)
                                (no ring)
                                (no ring)

@: mighty, heavily drained
A: almost no armour, stealthy swim, amphibious, 8 rings, constrict 8, yellow
scales 1, camouflage 1, magic resistance 1, robust 1, gelatinous body 1,
MP-powered wands
a: no special abilities


You were on level 5 of the Dungeon.
You visited 1 branch of the dungeon, and saw 6 of its levels.

You collected 221 gold pieces.

Inventory:

Hand Weapons
 a - a +1 broad axe (weapon)
 l - a +2 war axe
Armour
 b - a +1 kite shield (worn)
Wands
 m - a wand of acid (14)
Scrolls
 k - 2 scrolls of amnesia
Potions
 d - 3 potions of mutation
 e - a potion of haste
 f - a potion of magic
 g - 4 potions of curing
 h - a potion of lignification
 i - a potion of flight
 n - a potion of heal wounds {unknown}


   Skills:
 + Level 6.6(5.2) Fighting
 + Level 7.0(5.6) Axes
 + Level 4.4(3.1) Dodging
 + Level 4.4(3.1) Shields


You had 7 spell levels left.
You didn't know any spells.
Your spell library contained the following spells:

 Spells                   Type           Power        Failure   Level
 Corona                   Hex            #......      87%         1
 Ensorcelled Hibernation  Hex/Ice        #.....       95%         2
 Confusing Touch          Hex            #.......     99%         3
 Dazzling Flash           Conj/Hex       #.....       99%         3
 Tukima's Dance           Hex            #.......     99%         3


Dungeon Overview and Level Annotations

Branches:
Dungeon (6/15)             Temple (0/1) D:5

Altars:
Elyvilon
Makhleb
Nemelex Xobeh
The Shining One

Shops:
D:4 :[   D:5 (

Annotations:
D:4 2 transporters, Dracia's ghost, amateur DsWr
D:5 Edmund


Innate Abilities, Weirdness & Mutations

You cannot wear most types of armour.
You are very stealthy in the water. (Stealth+)
You are amphibious.
You can wear up to eight rings at the same time.
You can use your tentacles to constrict eight enemies at once.
Your skin changes colour to match your surroundings (Stealth+).
Your rubbery body absorbs attacks. (AC +1, EV +1)
You are partially covered in yellow scales. (AC +2)
You are resistant to hostile enchantments. (MR+)
You are robust. (+10% HP)
You expend magic power (3 MP) to strengthen your wands.


Message History

You slash Edmund! You constrict Edmund.
Edmund hits you with a +4 dire flail of protection!
* * * LOW HITPOINT WARNING * * *
The centaur unwields a +1 vorpal shortbow.
The centaur barely misses you. Edmund misses you.
You block the centaur's attack.
You feel better.
You constrict Edmund. You block Edmund's attack. The centaur hits you.
* * * LOW HITPOINT WARNING * * *
Edmund hits you with a +4 dire flail of protection!
* * * LOW HITPOINT WARNING * * *
You slash the centaur!
You kill the centaur!
You hit Edmund. You constrict Edmund. Edmund completely misses you.
Edmund hits you with a +4 dire flail of protection.
* * * LOW HITPOINT WARNING * * *
Your base Axes skill increases to level 7!
You feel better.
You constrict Edmund.
Edmund hits you with a +4 dire flail of protection!
You die...

..............#...
#.............##.. # ###
#........._..# #..
......#............# #..
......#.....†......###..
....@...................
..!. #.........###.....
#..#.....(...##..##..
#O@@(.......##.###.#
###)........##...(.#
#...#'#........(....
......#∩#......((###.#
#..##..#'#....#...###.#
## #......##.#....##.#
.<.....##...##.....
####...###...####.>[
#?#. .....# #.##


You could see Edmund (fast) and an ogre.

Vanquished Creatures
  Grinder (D:5)
  Sigmund (D:5)
  An ice beast (D:5)
  An orc warrior (D:4)
  An ogre (D:4)
  A centaur (D:5)
  4 wights
  A howler monkey (D:4)
  An orc priest (D:3)
  2 orc wizards
  An iguana (D:5)
  A worker ant (D:5)
  A hound skeleton (D:5)
  2 worker ant zombies (D:5)
  4 gnolls (D:4)
  A howler monkey skeleton (D:5)
  2 adders
  2 shadow imps (D:5)
  A white imp (D:5)
  An ufetubus (D:5)
  3 oozes
  A worm (D:4)
  2 dart slugs (D:1)
  A leopard gecko (D:1)
  9 orcs
  3 ball pythons
  6 giant cockroaches
  3 goblins
  8 hobgoblins
  9 jackals
  7 kobolds
  3 quokkas
  6 bats
  3 frilled lizards
  A jackal skeleton (D:4)
  A quokka skeleton (D:5)
  5 rats
101 creatures vanquished.

Notes
Turn   | Place    | Note
-------+----------+-------------------------------------------
     0 | D:1      | Ijustatesigmund the Octopode Fighter began the quest for
                  | the Orb.
     0 | D:1      | Reached XP level 1. HP: 16/16 MP: 1/1
    11 | D:1      | Reached XP level 2. HP: 6/21 MP: 2/2
   419 | D:1      | Reached skill level 3 in Axes
   870 | D:1      | Reached XP level 3. HP: 26/26 MP: 3/3
  2090 | D:2      | Reached XP level 4. HP: 31/31 MP: 4/4
  2216 | D:3      | Reached skill level 4 in Axes
  2275 | D:3      | Found a white marble altar of Elyvilon.
  2424 | D:4      | Found a transporter.
  2424 | D:4      | Found a transporter.
  2424 | D:4      | Noticed Dracia's ghost (amateur DsWr)
  2581 | D:4      | Gained mutation: You are resistant to hostile enchantments.
                  | (MR+) [potion of mutation]
  2581 | D:4      | Gained mutation: You are robust. (+10% HP) [potion of
                  | mutation]
  2581 | D:4      | Gained mutation: You expend magic power (3 MP) to
                  | strengthen your wands. [potion of mutation]
  2581 | D:4      | Gained mutation: You are partially covered in yellow
                  | scales. (AC +2) [potion of mutation]
  2609 | D:4      | Noticed a phantom
  2620 | D:4      | Reached XP level 5. HP: 37/40 MP: 5/5
  3553 | D:4      | Found a sparkling altar of Nemelex Xobeh.
  3553 | D:4      | Found a burning altar of Makhleb.
  3562 | D:4      | Noticed an orc warrior
  3570 | D:4      | Killed an orc warrior
  3571 | D:4      | Reached skill level 5 in Axes
  3571 | D:4      | Reached XP level 6. HP: 30/49 MP: 6/6
  3743 | D:4      | Reached skill level 5 in Fighting
  3910 | D:4      | Reached XP level 7. HP: 55/55 MP: 7/7
  4004 | D:4      | Found Naptaf's Armour Shoppe.
  4143 | D:4      | Found Qutadwob's Book Emporium.
  4174 | D:5      | Entered Level 5 of the Dungeon
  4188 | D:5      | Reached skill level 6 in Axes
  4274 | D:5      | Noticed Sigmund
  4281 | D:5      | Killed Sigmund
  4373 | D:5      | Found a staircase to the Ecumenical Temple.
  4394 | D:5      | Noticed Grinder
  4402 | D:5      | Killed Grinder
  4403 | D:5      | Reached XP level 8. HP: 27/62 MP: 8/8
  4615 | D:5      | Found a glowing golden altar of the Shining One.
  5218 | D:5      | Found Ykaxkym's Weapon Shoppe.
  5235 | D:5      | Noticed Edmund
  5245 | D:5      | HP: 3/63 [Edmund/+4 dire flail of protection (10)]
  5247 | D:5      | Reached skill level 7 in Axes
  5247 | D:5      | Slain by Edmund

Illustrated notes

Levels and vault maps discovered:
D:1:      onia_arrival_handbag, layout_loops_ring, minmay_misc_feat_ornament
D:2:      layout_basic, hex_medium, hex_large
D:3:      layout_basic, elyvilon_altar_5
D:4:      layout_basic, grunt_temple_overflow_open, serial_shops, shop,
          nicolae_shop_behind_doors, gammafunk_ghost_arena, fountainhead
D:5:      layout_rooms, minmay_temple_entry_slanted, serial_shops,
          kennysheep_mini_moat, basic_altar, makhleb_altar_promises_db,
          uniq_grinder, uniq_edmund, uniq_sigmund
D:6:      layout_basic, gammafunk_temple_overflow_statue,
          serial_co_window_serial, co_window_paths_b, co_window_corner_a,
          co_window_paths_b, co_window_paths_a, co_window_paths_a,
          co_window_corner_a, co_window_corner_a, co_window_broadway_a,
          co_window_broadway_c, co_window_2corner, co_window_corner_b,
          co_window_broadway_b, co_window_of_opportunity_c, co_window_cross_3,
          glass_columns_b, glass_columns_a, glass_columns_b, glass_columns_c

Skill      XL: |  1  2  3  4  5  6  7  8 |
---------------+-------------------------+-----
Axes           | 3 4 5 6 7 |  7.0
Fighting       | 4 5 6 |  6.6
Dodging        | 4 |  4.4
Shields        | 4 |  4.4

Action                   |  1- 3 |  4- 6 |  7- 9 || total
-------------------------+-------+-------+-------++-------
Melee: War axe           |    60 |    72 |    19 ||   151
       Constrict         |    14 |    17 |    18 ||    49
       Tentacles         |     8 |    11 |    12 ||    31
       Broad axe         |       |       |    39 ||    39
  Use: Scroll            |     4 |     5 |     5 ||    14
       Potion            |     1 |     1 |     9 ||    11
 Stab: Sleeping          |     8 |     5 |     2 ||    15
       Invisible         |     1 |       |       ||     1
Armor: Skin              |     3 |    12 |    14 ||    29
Dodge: Dodged            |    42 |    46 |    45 ||   133
Block: Kite shield       |    23 |    20 |    49 ||    92

Table legend: (Time is in decaauts)
 A = Elapsed time spent in this place.
 B = Non-inter-level travel time spent in this place.
 C = Inter-level travel time spent in this place.
 D = Time resting spent in this place.
 E = Time spent auto-exploring this place.
 F = Levels seen in this place.
 G = Mean time per level.
                   A        B        C        D        E       F      G
               +--------+--------+--------+--------+--------+-----+--------+
         Total |   5307 |   5185 |    122 |   1268 |   3147 |   6 |  884.5 |
       Dungeon |   5307 |   5185 |    122 |   1268 |   3147 |   6 |  884.5 |
               +--------+--------+--------+--------+--------+-----+--------+

Top non-repeatable levels by time:
     D:1: 1188 daAuts
     D:4: 1065 daAuts
     D:2: 1041 daAuts
     D:3: 931 daAuts
     D:5: 561 daAuts
     D:6: 518 daAuts
